 Dungeon Crawl Stone Soup version 0.28.0-47-ge53b351184 (webtiles) character file.

Game seed: 2131246243442797653

42 Bruhh the Chopper (level 3, -5/31 HPs)
             Began as a Hill Orc Fighter on May 1, 2022.
             Was a Follower of Cheibriados.
             Slain by Sigmund
             ... wielding a +2 scythe of protection
              (8 damage)
             ... on level 2 of the Dungeon.
             The game lasted 00:02:00 (1056 turns).

Bruhh the Chopper (Hill Orc Fighter)                Turns: 1056, Time: 00:02:00

Health: -5/31      AC: 11    Str: 22    XL:     3   Next: 54%
Magic:  3/3        EV:  6    Int: 10    God:    Cheibriados [*.....]
Gold:   96         SH:  4    Dex: 12    Spells: 2/2 levels left

rFire   . . .      SeeInvis .   a - +0 war axe
rCold   . . .      Faith    .   c - +0 buckler
rNeg    . . .      Spirit   .   g - +0 plate armour
rPois   .          Reflect  .   (no helmet)
rElec   .          Harm     .   (no cloak)
rCorr   .          Rampage  .   (no gloves)
Will    .....                   (no boots)
Stlth   ..........              (no amulet)
HPRegen 0.10/turn               (no ring)
MPRegen 0.08/turn               (no ring)

@: mighty, very slow
A: no striking features
a: Renounce Religion, Bend Time


You were on level 2 of the Dungeon.
You worshipped Cheibriados.
Cheibriados was aware of your devotion.
You visited 1 branch of the dungeon, and saw 2 of its levels.

You collected 96 gold pieces.

Inventory:

Hand Weapons
 a - a +0 war axe (weapon)
Armour
 b - a +0 scale mail
 c - a +0 buckler (worn)
 g - a +0 plate armour (worn)
Scrolls
 h - a scroll of noise {unknown}
 i - a scroll of immolation {unknown}
Potions
 e - 2 potions of curing {unknown}
 f - a potion of heal wounds {unknown}


   Skills:
 - Level 3.6 Fighting
 + Level 5.1 Axes
 - Level 3.2 Armour
 - Level 3.2 Shields


You had 2 spell levels left.
You didn't know any spells.
Your spell library was empty.

Dungeon Overview and Level Annotations

Branches:
Dungeon (2/15)

Altars:
Cheibriados

Annotations:
D:2 Sigmund


Message History

Sigmund is nearby!
Sigmund shouts!
You block Sigmund's attack. Sigmund hits you but does no damage.
You feel very mighty all of a sudden. Sigmund gestures at you while chanting.
You are confused.
Sigmund is suddenly surrounded by pale red light.
Sigmund completely misses you.
You bump into the rock wall.
You bump into the rock wall.
Sigmund casts a spell at you.
You are more confused.
Sigmund hits you with a +2 scythe of protection.
Sigmund gestures at you while chanting.
The magic dart hits you but does no damage.
Sigmund hits you from afar with a +2 scythe of protection.
You bump into the rock wall.
You bump into the rock wall.
Sigmund hits you from afar with a +2 scythe of protection!
You're too confused to move!
You feel less confused.
Sigmund hits you from afar with a +2 scythe of protection!
You hit Sigmund but do no damage. Sigmund gestures at you while chanting.
The magic dart hits you. Sigmund hits you but does no damage.
You barely miss Sigmund. You closely miss Sigmund.
Sigmund says, "Don't worry, I'll kill you fast."
Sigmund gestures at you while chanting. The magic dart hits you!
* * * LOW HITPOINT WARNING * * *
Sigmund barely misses you.
You completely miss Sigmund. Sigmund barely misses you.
You hit Sigmund.
Sigmund is lightly wounded.
You hit Sigmund but do no damage.
Sigmund is lightly wounded.
Sigmund hits you with a +2 scythe of protection!
You die...

#####........##..#..........#
##.##(##..#.##..........#
#..##..##>..##..........#
##.## #.###..............#
#).# #..##.##......[....#
#.######.[...............#
##.##.....[.รท.##..........#
##..#..######@.##...<......#
#..##.#######@..#...........
##.###.##......#.#.......(..#
#..###....######..>..#...####
#.##...#### #####.....#
##.#..#.# ##..... ##.......#
#...## #....##### ...# ....##
...##


You could see Sigmund.

Vanquished Creatures
  A dart slug (D:1)
  6 endoplasms
  3 giant cockroaches
  2 goblins (D:1)
  3 hobgoblins
  7 kobolds
  A quokka (D:1)
  2 ball pythons
  4 bats
  3 frilled lizards
  3 rats (D:1)
35 creatures vanquished.

Notes
Turn   | Place    | Note
-------+----------+-------------------------------------------
     0 | D:1      | Bruhh the Hill Orc Fighter began the quest for the Orb.
     0 | D:1      | Reached XP level 1. HP: 19/19 MP: 1/1
    27 | D:1      | Reached skill level 3 in Axes
    85 | D:1      | Reached XP level 2. HP: 19/26 MP: 2/2
    86 | D:1      | You fall into a shaft and drop 1 floor!
   303 | D:2      | Reached skill level 4 in Axes
   372 | D:2      | Noticed Sigmund
   510 | D:1      | Reached XP level 3. HP: 31/31 MP: 3/3
   653 | D:1      | Found a faded altar of an unknown god.
   771 | D:1      | Reached skill level 5 in Axes
   957 | D:1      | Prayed at the altar of an unknown god.
   957 | D:1      | Became a worshipper of Cheibriados the Contemplative
   957 | D:1      | Reached * piety under Cheibriados
  1056 | D:2      | Slain by Sigmund

Illustrated notes

Levels and vault maps discovered:
D:1:      wander_arrival_lonely_grave, layout_rooms,
          hellmonk_ecumenical_altar_slurped_away
D:2:      layout_rooms, uniq_robin, uniq_sigmund

Skill      XL: |  1  2  3 |
---------------+----------+-----
Axes           | 3 4 5 |  5.1
Fighting       | |  3.6
Armour         | |  3.2
Shields        | |  3.2

Action                   || total
-------------------------++-------
Melee: War axe           ||    96
  Use: Potion            ||     1
Armor: Scale mail        ||    29
       Plate armour      ||    23
Dodge: Dodged            ||    42
Block: Buckler           ||    17
